 Dungeon Crawl Stone Soup version 0.31-a0-145-g046c7d2549 (webtiles) character file.

Game seed: 13430695259331048506

543 mopl the Vexing (level 7, -10/40 HPs)
             Began as a Deep Elf Enchanter on June 5, 2023.
             Mangled by a gnoll
             ... wielding a +0 hand axe of electrocution
              (19 damage)
             ... on level 4 of the Dungeon.
             The game lasted 00:10:38 (3031 turns).

mopl the Vexing (Deep Elf Enchanter)                Turns: 3031, Time: 00:10:40

Health: -10/40     AC:  6    Str:  5    XL:     7   Next: 6%
Magic:  10/16      EV: 12    Int: 22    God:
Gold:   193        SH:  0    Dex: 15    Spells: 8/16 levels left

rFire   . . .        a - +1 dagger
rCold   . . .        (no shield)
rNeg    . . .        b - +0 robe
rPois   .            u - +1 helmet
rElec   .            m - +0 cloak
rCorr   +            e - +0 pair of gloves
SInv    .            (no boots)
Will    .....        (no amulet)
Stlth   +++          o - ring of resist corrosion
HPRegen 0.26/turn    (no ring)
MPRegen 0.15/turn

%: no passive effects
@: no status effects
A: no striking features
a: no special abilities


You were on level 4 of the Dungeon.
You visited 1 branch of the dungeon, and saw 4 of its levels.

You collected 193 gold pieces.

Inventory:

Hand Weapons
 a - a +1 dagger (weapon)
Missiles
 f - 16 poisoned darts
Armour
 b - a +0 robe (worn)
 e - a +0 pair of gloves (worn)
 m - a +0 cloak (worn)
 u - a +1 helmet (worn)
 y - a +0 buckler
Jewellery
 o - a ring of resist corrosion (left hand)
Scrolls
 h - a scroll of teleportation {unknown}
 i - 2 scrolls of blinking {unknown}
 j - 2 scrolls of immolation {unknown}
 k - 2 scrolls of enchant armour {unknown}
 l - 2 scrolls of amnesia {unknown}
 p - a scroll of magic mapping {unknown}
 q - a scroll of poison {unknown}
 v - a scroll of identify {unknown}
 w - a scroll of butterflies {unknown}
 x - a scroll of noise {unknown}
Potions
 c - 3 potions of invisibility
 d - a potion of curing {unknown}
 g - a potion of attraction {unknown}
 n - 2 potions of haste {unknown}
 r - a potion of cancellation {unknown}
 s - a potion of berserk rage {unknown}
 t - a potion of might {unknown}
 z - a potion of mutation {unknown}


   Skills:
 + Level 2.4 Fighting
 + Level 3.3 Short Blades
 - Level 2.4 Dodging
 + Level 5.7 Stealth
 + Level 0.1 Shields
 + Level 5.2 Spellcasting
 + Level 5.9 Hexes


You had 8 spell levels left.
You knew the following spells:

 Your Spells              Type           Power      Damage    Failure   Level
b - Ensorcelled Hibernat  Hex/Ice        36%        N/A       4%          2
c - Confusing Touch       Hex            31%        N/A       2%          3
d - Tukima's Dance        Hex            31%        N/A       2%          3

Your spell library contained the following spells:

 Spells                   Type           Power      Damage    Failure   Level
 Slow                     Hex            100%       N/A       1%          1
 Dazzling Flash           Conj/Hex       36%        N/A       9%          3
 Apportation              Tloc           10%        N/A       10%         1
 Beastly Appendage        Tmut           10%        N/A       10%         1
 Lesser Beckoning         Tloc           10%        N/A       16%         2
 Gell's Gravitas          Tloc           5%         N/A       30%         3
 Teleport Other           Tloc           5%         N/A       30%         3
 Vampiric Draining        Necr           5%         2d6       30%         3
 Alistair's Intoxication  Tmut/Pois      3%         N/A       95%         5
 Enfeeble                 Hex            15%        N/A       100%        7
 Storm Form               Tmut/Air       2%         N/A       100%        7


Dungeon Overview and Level Annotations

Branches:
Dungeon (4/15)
 Temple: D:4-7

Altars:
Hepliaklqana
Ru
Yredelemnul

Shops:
D:4 :


Message History

f - 16 poisoned darts (gained 1) Magic restored.
You see here the +5 woodcutter's axe.
You see here 5 stones.
Things that are here:
a +0 spear; a +0 whip; a +0 spear A gnoll bouda comes into view.
It is wielding a +0 whip.
Found a whip.
Found a whip.
The gnoll bouda shouts!
The gnoll shouts!
What are your orders? t - Shout!
Orders for allies: a - Attack new target. r - Retreat! s - Stop attacking. g - Guard the area. f - Follow me.
Anything else - Cancel.
You shout for attention!
The gnoll bouda barks out a call to the hunt!
The gnolls pick up the pace!
The gnoll bouda resists with significant effort.
The gnoll bouda hits you with a +0 whip!
The gnoll bouda looks drowsy...
The helpless gnoll bouda fails to defend itself.
You impale the gnoll bouda!!
You kill the gnoll bouda!
The gnoll looks drowsy...
The gnoll is no longer moving quickly.
The gnoll hits you but does no damage.
You are electrocuted!
Casting: Ensorcelled Hibernation (safe; 4% risk of failure)
Confirm with . or Enter, or press ? or * to list all spells.
Aiming: Ensorcelled Hibernation (safe; 4% risk of failure)
Press: ? - help, Shift-Dir - straight line, f - gnoll, p - gnoll
Aim: a gnoll, wielding a +0 hand axe of electrocution (covering ground quickly, chance to affect: 60%)
Okay, then.
The helpless gnoll fails to defend itself.
You impale the gnoll!!
You kill the gnoll!
The gnoll hits you with a +0 hand axe of electrocution.
* * * LOW HITPOINT WARNING * * *
You are electrocuted!!
You die...

#######
####(.))@#
#....###g#
# #.####
♣.♣ # #.#
♣♣.♣♣ ##
#.# ♣..)♣
.########)#
♣♣)..♣♣
.#.....##.#
♣.....♣
.#.....##.#
♣)..♣.♣
........#.#
♣..♣....♣


You could see a gnoll (swift).

Vanquished Creatures
  A gnoll sergeant (D:4)
  A hound (D:4)
  A gnoll bouda (D:4)
  A sleepcap (D:3)
  Natasha (thrice) (D:3)
  An iguana (D:3)
  An orc wizard (D:4)
  Robin (D:3)
  9 gnolls
  8 adders
  A worm (D:3)
  4 dart slugs
  3 orcs (D:4)
  4 bats
  3 endoplasms
  2 giant cockroaches (D:1)
  12 goblins
  11 hobgoblins
  6 jackals
  4 quokkas
  3 ball pythons
  3 frilled lizards
  4 kobolds
  5 rats
92 creatures vanquished.

Vanquished Creatures (collateral kills)
  A gnoll (D:4)
1 creature vanquished.

Vanquished Creatures (others)
  2 dancing weapons (D:4)
2 creatures vanquished.

Grand Total: 95 creatures vanquished

Notes
Turn   | Place    | Note
-------+----------+-------------------------------------------
     0 | D:1      | mopl the Deep Elf Enchanter began the quest for the Orb.
     0 | D:1      | Reached XP level 1. HP: 10/10 MP: 6/6
   119 | D:1      | Got the Disquisition on Charmed Shaping
   216 | D:1      | Reached XP level 2. HP: 14/16 MP: 8/8
   233 | D:1      | Learned a level 2 spell: Ensorcelled Hibernation
   320 | D:1      | Reached skill level 4 in Stealth
   611 | D:1      | Reached XP level 3. HP: 15/20 MP: 1/9
   615 | D:1      | Learned a level 3 spell: Confusing Touch
   619 | D:1      | Learned a level 3 spell: Tukima's Dance
   830 | D:2      | Reached skill level 1 in Fighting
  1100 | D:2      | Reached XP level 4. HP: 25/25 MP: 4/11
  1254 | D:2      | Identified the +0 scale mail of Hihatuur {Rampage}
  1529 | D:3      | Reached skill level 2 in Short Blades
  1573 | D:3      | Reached skill level 4 in Spellcasting
  1693 | D:3      | Reached XP level 5. HP: 29/29 MP: 9/13
  1720 | D:3      | Noticed Natasha
  1728 | D:3      | Killed Natasha
  1729 | D:3      | Reached skill level 5 in Hexes
  1757 | D:3      | Noticed Natasha
  1760 | D:3      | Killed Natasha
  1762 | D:3      | Found a hazy altar of Hepliaklqana.
  1788 | D:3      | Noticed Natasha
  1793 | D:3      | Killed Natasha
  1794 | D:3      | Reached skill level 5 in Stealth
  1809 | D:3      | Found a basalt altar of Yredelemnul.
  1933 | D:3      | Noticed Robin
  1971 | D:3      | Killed Robin
  1974 | D:3      | Reached XP level 6. HP: 33/35 MP: 10/14
  2215 | D:4      | Reached skill level 2 in Fighting
  2239 | D:4      | Found Ciguw's Book Boutique.
  2359 | D:4      | Found a sacrificial altar of Ru.
  2495 | D:4      | Reached skill level 3 in Short Blades
  2701 | D:4      | Identified the +2 hand axe of Broken Luck {protect, rF+
                  | Will+ Stlth+}
  2723 | D:4      | Reached skill level 5 in Spellcasting
  2982 | D:4      | Reached XP level 7. HP: 40/40 MP: 13/16
  3031 | D:4      | Mangled by a gnoll

Illustrated notes

Levels and vault maps discovered:
D:1:      giann_wishing_wells, layout_rooms, serial_bayou_pond_c, st_stairs_5,
          minmay_domino_4
D:2:      layout_rooms, serial_forest, infiniplex_forest_lined_corner,
          infiniplex_forest_end_double, infiniplex_forest_straight_3,
          infiniplex_forest_straight_4, infiniplex_forest_straight_2,
          infiniplex_forest_clump_curved, infiniplex_forest_clump_diagonal,
          infiniplex_forest_end_3, infiniplex_forest_corner_2
D:3:      layout_rooms, lemuel_coloured_pillars_altar,
          nzn_hepliaklqana_mist_gate, uniq_natasha, uniq_robin
D:4:      layout_cave_pools, nicolae_ru_awakened_eye, serial_shops,
          nicolae_shop_trees, pf_guarded_unrand_woodcutter

Skill      XL: |  1  2  3  4  5  6 |
---------------+-------------------+-----
Stealth        | 4 5 |  5.7
Fighting       | 1 2 |  2.4
Short Blades   | 2 3 |  3.3
Spellcasting   | 4 5 |  5.2
Hexes          | 5 |  5.9
Dodging        | |  2.4
Shields        | |  0.1

Action                     |  1- 3 |  4- 6 |  7- 9 || total
---------------------------+-------+-------+-------++-------
  Melee: Dagger            |    89 |   122 |     2 ||   213
         Punch             |       |     1 |       ||     1
  Throw: Dart              |       |     1 |       ||     1
   Cast: Ensorcelled Hiber |    27 |    44 |     3 ||    74
         Confusing Touch   |       |     3 |       ||     3
         Tukima's Dance    |       |     4 |       ||     4
   Stab: Sleeping          |    18 |    35 |     2 ||    55
         Confused          |       |     2 |       ||     2
 Armour: Robe              |    35 |    31 |     1 ||    67
  Dodge: Dodged            |    62 |    60 |       ||   122

Table legend: (Time is in decaauts)
 A = Elapsed time spent in this place.
 B = Non-inter-level travel time spent in this place.
 C = Inter-level travel time spent in this place.
 D = Time resting spent in this place.
 E = Time spent auto-exploring this place.
 F = Levels seen in this place.
 G = Mean time per level.
                   A        B        C        D        E       F      G
               +--------+--------+--------+--------+--------+-----+--------+
         Total |   3019 |   2923 |     96 |    606 |   1446 |   4 |  754.8 |
       Dungeon |   3019 |   2923 |     96 |    606 |   1446 |   4 |  754.8 |
               +--------+--------+--------+--------+--------+-----+--------+

Top non-repeatable levels by time:
     D:1: 838 daAuts
     D:3: 812 daAuts
     D:2: 714 daAuts
     D:4: 654 daAuts
